AoeStats
← Ther_

Black Forest

509447728Analyzed
4v4 RM · 7d ago on Sep 26, 2026· 41m 56s· 8 players
Game mode
Random Map
Map size
Large (8 player)
Population
200
Speed
Normal
Resources
Standard
Victory
Conquest
Starting age
Dark Age
Ending age
Imperial Age
RankedLock teamsTeams togetherTeam positionsShared explorationLock speedFull tech treeHidden civsTurbo modeCheats
Victory
Defeat
🇹🇷 Mongols · Türkiye
1498
+10
🇹🇷 Burgundians · Türkiye
1461
+11
🇮🇳 Koreans · India
1419
+13
🇹🇷 Khmer · Türkiye
1303
+18
🇳🇱 Danes · Netherlands
1381
-14
1370
-14
🇮🇹 Romans · Italy
1357
-13
🇩🇪 Saracens · Germany
1311
-11
TarryMoney
0:26 Loom
12:07 Feudal Age
12:33 Double-Bit Axe
18:35 Castle Age
17:30 Stone Mining
20:13 Wheelbarrow
21:06 Horse Collar
29:46 Imperial Age
27:53 Fishing Lines
28:38 Hand Cart
28:49 Town Watch
29:14 Gillnets
28:53 Pikeman
32:00 Conscription
32:14 Forging
32:09 Scale Barding Armor
32:53 Bloodlines
32:43 Husbandry
32:12 Cavalier
34:51 Chain Barding Armor
35:07 Iron Casting
35:17 Town Patrol
36:08 Comitatenses
38:25 Plate Barding Armor
nikias.marquardt
11:14 Feudal Age
15:17 Castle Age
13:21 Horse Collar
14:08 Double-Bit Axe
17:00 Scale Barding Armor
19:18 Bloodlines
21:34 Forging
23:11 Iron Casting
25:23 Husbandry
31:06 Loom
33:56 Imperial Age
32:05 Heavy Plow
32:17 Bow Saw
32:16 Light Cavalry
34:05 Heavy Camel Rider
35:32 Chain Barding Armor
Ther_
2:03 Loom
11:52 Feudal Age
16:09 Castle Age
14:26 Double-Bit Axe
14:26 Fishing Lines
16:18 Town Watch
17:06 Bow Saw
18:52 Gillnets
GdR_Johnny Vacanzieri
6:11 Loom
8:45 Feudal Age
10:35 Double-Bit Axe
11:57 Fletching
13:13 Horse Collar
16:31 Wheelbarrow
15:42 Town Watch
20:23 Gold Mining
24:03 Castle Age
24:04 Stone Mining
26:04 Bow Saw
25:54 Heavy Plow
26:24 Hand Cart
32:03 Imperial Age
30:14 Bodkin Arrow
30:21 Padded Archer Armor
32:07 Leather Archer Armor
33:01 Bracer
livulove
11:07 Feudal Age
11:58 Double-Bit Axe
14:45 Castle Age
13:07 Horse Collar
16:04 Bow Saw
22:36 Wheelbarrow
21:49 Loom
21:52 Town Watch
22:25 Fletching
23:52 Hand Cart
23:55 Bodkin Arrow
24:44 Ballistics
25:14 Padded Archer Armor
29:34 Imperial Age
28:27 Thumb Ring
28:24 Husbandry
28:34 Bloodlines
28:16 Gold Mining
30:40 Conscription
30:00 Capped Ram
31:13 Bracer
32:14 Chemistry
31:40 Parthian Tactics
32:23 Siege Ram
34:20 Drill
34:12 Elite Mangudai
35:40 Leather Archer Armor
37:46 Town Patrol
37:49 Heavy Plow
38:00 Masonry
37:56 Siege Engineers
38:35 Stone Mining
39:21 Gold Shaft Mining
40:40 Spies/Treason
41:58 Hoardings
41:11 Sappers
Ramci
11:16 Feudal Age
12:15 Feudal Age
15:00 Castle Age
13:08 Double-Bit Axe
13:19 Horse Collar
15:58 Bow Saw
17:37 Wheelbarrow
23:10 Heavy Plow
23:48 Gold Mining
25:50 Loom
27:07 Gold Shaft Mining
26:26 Stone Mining
30:45 Imperial Age
28:31 Hand Cart
29:52 Stone Shaft Mining
29:05 Town Watch
30:29 Caravan
30:57 Forging
30:53 Scale Barding Armor
30:50 Husbandry
31:01 Bloodlines
30:12 Light Cavalry
31:05 Elite Battle Elephant
31:07 Hussar
32:24 Iron Casting
32:10 Chain Barding Armor
32:29 Double Crossbow
33:40 Crop Rotation
33:30 Elite Ballista Elephant
34:10 Tusk Swords
35:17 Heavy Scorpion
35:18 Capped Ram
36:59 Blast Furnace
36:35 Plate Barding Armor
37:03 Chemistry
36:23 Ballistics
38:03 Scale Mail Armor
37:54 Fletching
38:31 Bodkin Arrow
38:36 Padded Archer Armor
38:43 Siege Engineers
38:49 Masonry
41:32 Conscription
40:43 Onager
40:44 Siege Ram
41:27 Bracer
41:42 Leather Archer Armor
41:43 Chain Mail Armor
DaTuRa
6:08 Loom
6:57 Double-Bit Axe
11:02 Feudal Age
16:30 Castle Age
15:32 Fishing Lines
16:22 Stone Mining
16:28 Gold Mining
18:39 Bow Saw
19:01 Gillnets
23:09 Stone Shaft Mining
23:11 Gold Shaft Mining
24:07 Two-Man Saw
26:53 Imperial Age
24:44 Horse Collar
25:25 Fletching
26:18 Wheelbarrow
27:55 Conscription
28:36 Chemistry
27:48 Horse Collar
29:13 Ballistics
29:04 Masonry
29:25 Ballistics
30:50 Burgundian Vineyards
30:42 Bodkin Arrow
31:59 Masonry
31:30 Treadmill Crane
32:04 Masonry
32:05 Horse Collar
34:04 Architecture
35:04 Hand Cart
35:12 Heavy Plow
36:45 Crop Rotation
38:04 Padded Archer Armor
39:22 Leather Archer Armor
Cheetah
1:01 Loom
13:51 Feudal Age
16:28 Town Watch
17:20 Wheelbarrow
19:09 Fletching
19:07 Horse Collar
24:18 Castle Age
30:30 Double-Bit Axe
30:44 Stone Mining
30:42 Fishing Lines
36:39 Hand Cart
37:30 Bow Saw
42:58 Imperial Age
41:12 Heavy Plow
41:09 Gillnets
Connection lost

Rejoining the realm…

Still unreachable

The connection could not be restored.

Session expired

The server has moved on; the page needs a fresh start.